 Dungeon Crawl Stone Soup version 0.26.1 (webtiles) character file.

Game seed: 1613510506425125519

98 pokeman the Magician (level 4, 0/25 HPs)
             Began as a Deep Elf Hedge Wizard on Feb 6, 2021.
             Slain by an orc
             ... wielding a +0 war axe
              (10 damage)
             ... on level 3 of the Dungeon.
             The game lasted 00:04:19 (3077 turns).

pokeman the Magician (Deep Elf Hedge Wizard)        Turns: 3077, Time: 00:04:20

Health: 0/25       AC:  3    Str:  7    XL:     4   Next: 43%
Magic:  11/13      EV: 12    Int: 20    God:
Gold:   124        SH:  0    Dex: 14    Spells: 3/14 levels left

rFire    + . .     SeeInvis .   a - +0 dagger
rCold    x . .     Faith    .   (no shield)
rNeg     . . .     Spirit   .   p - +0 leather armour
rPois    .         Reflect  .   c - +0 hat
rElec    .         Harm     .   (no cloak)
rCorr    .         Rampage  .   (no gloves)
Will     +....                  (no boots)
Stlth    ++........             (no amulet)
HPRegen  0.08/turn              i - ring of fire
MPRegen  0.13/turn              k - ring of willpower

@: no status effects
A: no striking features
a: no special abilities


You were on level 3 of the Dungeon.
You visited 1 branch of the dungeon, and saw 3 of its levels.

You collected 124 gold pieces.

Inventory:

Hand Weapons
 a - a +0 dagger (weapon)
Missiles
 o - 12 arrows
Armour
 c - a +0 hat (worn)
 p - a +0 leather armour (worn)
Jewellery
 i - a ring of fire (left hand)
 k - a ring of willpower (right hand)
Scrolls
 d - 2 scrolls of identify {unknown}
 e - 2 scrolls of teleportation {unknown}
 f - a scroll of remove curse {unknown}
 g - a scroll of magic mapping {unknown}
 h - a scroll of blinking {unknown}
 j - a scroll of random uselessness {unknown}
 n - a scroll of enchant weapon {unknown}
Potions
 l - a potion of might {unknown}
 m - a potion of mutation {unknown}


   Skills:
 - Level 1.0 Fighting
 - Level 1.0 Armour
 + Level 2.8 Dodging
 - Level 2.4 Stealth
 * Level 5.7 Spellcasting
 + Level 2.3 Conjurations
 - Level 1.1 Summonings
 - Level 1.1 Translocations
 + Level 0.6 Fire Magic


You had 3 spell levels left.
You knew the following spells:

 Your Spells              Type           Power        Failure   Level
a - Magic Dart            Conj           56%          6%          1
b - Mephitic Cloud        Conj/Pois/Air  8%           34%         3
c - Call Imp              Summ           10%          16%         2
d - Blink                 Tloc           N/A          16%         2
e - Conjure Flame         Conj/Fire      17%          26%         3

Your spell library contained the following spells:

 Spells                   Type           Power        Failure   Level
 Slow                     Hex            5%           24%         2


Dungeon Overview and Level Annotations

Branches:
Dungeon (3/15)

Altars:
Dithmenos


Message History

A frilled lizard comes into view.
The orc hits you with a +0 war axe!
There is a stone staircase leading up, spattered with blood here.
Casting: Magic Dart (safe; 6% risk of failure)
Confirm with . or Enter, or press ? or * to list all spells.
Aiming: Magic Dart (safe; 6% risk of failure)
Press: ? - help, Shift-Dir - straight line, f - orc
Aim: an orc, wielding a +0 war axe (0% to evade)
The magic dart hits the orc.
The orc is moderately wounded.
The orc hits you with a +0 war axe!
Casting: Magic Dart (safe; 6% risk of failure)
Confirm with . or Enter, or press ? or * to list all spells.
Aiming: Magic Dart (safe; 6% risk of failure)
Press: ? - help, Shift-Dir - straight line, f/p - orc
Aim: an orc, wielding a +0 war axe (moderately wounded, 0% to evade)
The magic dart hits the orc.
The orc is almost dead.
The orc hits you with a +0 war axe!
You die...

#.. ...h . #...K ..
####.... ...
#......#### ###....
#.....)#.. ....... #
##........###.......
.
.(.........@........
##..........o.......
.
#.?................=
.
.....###.........###
. .... #....l....# .
... #.........# .
#...........# .
#.#.........# .
#.#.........#


You could see an orc and a frilled lizard.

Vanquished Creatures
  2 adders (D:2)
  2 oozes (D:2)
  A dart slug (D:2)
  A leopard gecko (D:2)
  6 orcs
  3 giant cockroaches
  3 goblins (D:1)
  5 hobgoblins
  6 jackals
  10 kobolds
  4 bats
  6 frilled lizards (D:1)
  6 rats
55 creatures vanquished.

Vanquished Creatures (collateral kills)
  An orc (D:2)
1 creature vanquished.

Vanquished Creatures (others)
  8 plants (D:1)
8 creatures vanquished.

Grand Total: 64 creatures vanquished

Notes
Turn   | Place    | Note
-------+----------+-------------------------------------------
     0 | D:1      | pokeman the Deep Elf Hedge Wizard began the quest for the
                  | Orb.
     0 | D:1      | Reached XP level 1. HP: 10/10 MP: 7/7
   253 | D:1      | Reached XP level 2. HP: 15/15 MP: 3/9
   644 | D:1      | Reached skill level 5 in Spellcasting
   839 | D:1      | Reached XP level 3. HP: 20/20 MP: 8/11
   844 | D:1      | Learned a level 3 spell: Mephitic Cloud
   847 | D:1      | Learned a level 2 spell: Call Imp
   850 | D:1      | Learned a level 2 spell: Blink
   854 | D:1      | Learned a level 3 spell: Conjure Flame
  1408 | D:2      | Reached skill level 1 in Fighting
  1566 | D:2      | Reached skill level 1 in Armour
  1862 | D:2      | Found a shadowy altar of Dithmenos.
  1904 | D:2      | Reached XP level 4. HP: 25/25 MP: 8/13
  3077 | D:3      | Slain by an orc

Illustrated notes

Levels and vault maps discovered:
D:1:      roderic_crop_circles_arrival_small, layout_loops_ring
D:2:      layout_rooms, nicolae_overflow_hidden_temple,
          grunt_dithmenos_smoke_and_mirrors
D:3:      layout_rooms, roderic_batcave, minmay_rat_hole

Skill      XL: |  1  2  3 |
---------------+----------+-----
Spellcasting   | 5 |  5.7
Fighting       | 1 |  1.0
Armour         | 1 |  1.0
Conjurations   | 2 |  2.3
Dodging        | |  2.8
Stealth        | |  2.4
Summonings     | |  1.1
Translocations | |  1.1
Fire Magic     | |  0.6

Action                   |  1- 3 |  4- 6 || total
-------------------------+-------+-------++-------
Melee: Dagger            |    11 |     3 ||    14
 Cast: Magic Dart        |   100 |    53 ||   153
       Blink             |       |     1 ||     1
       Call Imp          |       |     1 ||     1
Armor: Robe              |     3 |     1 ||     4
       Leather armour    |       |     7 ||     7
Dodge: Dodged            |    25 |    44 ||    69
